AoeStats
← Mhafiki

Arabia

505885594Analyzed
1v1 RM · 20d ago on Sep 11, 2026· 34m 37s· 2 players
Game mode
Random Map
Map size
Tiny (2 player)
Population
200
Speed
Normal
Resources
Standard
Victory
Conquest
Starting age
Dark Age
Ending age
Imperial Age
RankedLock teamsTeams togetherTeam positionsShared explorationLock speedFull tech treeHidden civsTurbo modeCheats
Victory
Defeat
🇺🇸 Magyars · United States
1139
+16
🇹🇼 Bohemians · Taiwan
1136
-16
gubi
6:55 Loom
7:35 Loom
10:11 Feudal Age
10:56 Double-Bit Axe
14:32 Horse Collar
15:49 Fletching
21:09 Castle Age
20:05 Padded Archer Armor
21:15 Crossbowman
21:54 Bodkin Arrow
31:04 Chemistry
30:11 Heavy Plow
30:26 Bow Saw
36:12 Imperial Age
34:30 Wheelbarrow
Mhafiki
8:34 Loom
10:20 Feudal Age
16:11 Castle Age
14:01 Double-Bit Axe
14:11 Horse Collar
15:14 Stone Mining
22:34 Scale Barding Armor
24:58 Gold Mining
30:55 Devotion
Connection lost

Rejoining the realm…

Still unreachable

The connection could not be restored.

Session expired

The server has moved on; the page needs a fresh start.